 Dungeon Crawl Stone Soup version 0.31-a0-277-g31ea1f65cc (webtiles) character file.

Game seed: 6215951676651442994

292 zazu2006 the Twirler (level 6, -3/44 HPs)
             Began as a Gnoll Wanderer on July 15, 2023.
             Slain by a killer bee (4 damage)
             ... on level 5 of the Dungeon.
             The game lasted 00:06:59 (4779 turns).

zazu2006 the Twirler (Gnoll Wanderer)               Turns: 4779, Time: 00:07:00

Health: -3/44      AC:  7    Str: 11    XL:     6   Next: 33%
Magic:  12/14      EV: 12    Int: 14    God:
Gold:   193        SH:  0    Dex: 11    Spells: 14/15 levels left

rFire   . . .        a - +0 quarterstaff
rCold   . . .        (shield currently unavailable)
rNeg    . . .        d - +0 robe
rPois   .            t - +0 helmet
rElec   .            (no cloak)
rCorr   .            b - +0 pair of gloves
SInv    .            m - +2 pair of boots
Will    .....        (no amulet)
Stlth   +++          (no ring)
HPRegen 0.27/turn    (no ring)
MPRegen 0.14/turn

%: no passive effects
@: lethally poisoned (-3 -> -6)
A: fangs 1, strong nose, distributed training
a: no special abilities


You were on level 5 of the Dungeon.
You visited 1 branch of the dungeon, and saw 5 of its levels.

You collected 193 gold pieces.

Inventory:

Hand Weapons
 a - a +0 quarterstaff (weapon)
Missiles
 p - 5 boomerangs
Armour
 b - a +0 pair of gloves (worn)
 d - a +0 robe (worn)
 m - a +2 pair of boots (worn)
 t - a +0 helmet (worn)
Jewellery
 n - a ring of willpower
Scrolls
 c - a scroll of silence
 f - 2 scrolls of fog {unknown}
 k - 2 scrolls of amnesia {unknown}
 l - a scroll of teleportation {unknown}
 o - a scroll of enchant weapon {unknown}
 q - 3 scrolls of immolation {unknown}
 r - 3 scrolls of identify {unknown}
 u - a scroll of vulnerability {unknown}
 v - a scroll of enchant armour {unknown}
Potions
 e - a potion of ambrosia {unknown}
 g - 3 potions of lignification {unknown}
 h - 5 potions of curing {unknown}
 i - 3 potions of heal wounds {unknown}
 j - a potion of invisibility {unknown}
 s - 2 potions of haste {unknown}


   Skills:
 + Level 2.0 Fighting
 + Level 2.0 Short Blades
 + Level 2.0 Long Blades
 + Level 2.0 Axes
 + Level 2.0 Maces & Flails
 + Level 2.0 Polearms
 + Level 6.8 Staves
 + Level 2.0 Ranged Weapons
 + Level 2.0 Throwing
 + Level 3.2 Armour
 + Level 2.0 Dodging
 + Level 4.6 Stealth
 + Level 2.0 Shields
 + Level 2.0 Unarmed Combat
 + Level 5.3 Spellcasting
 + Level 4.1 Conjurations
 + Level 1.5 Hexes
 + Level 1.5 Summonings
 + Level 1.5 Necromancy
 + Level 1.5 Translocations
 + Level 1.5 Transmutations
 + Level 1.5 Fire Magic
 + Level 1.5 Ice Magic
 + Level 1.5 Air Magic
 + Level 1.5 Earth Magic
 + Level 1.5 Poison Magic
 + Level 2.1 Invocations
 + Level 2.0 Evocations
 + Level 1.5 Shapeshifting


You had 14 spell levels left.
You knew the following spells:

 Your Spells              Type           Power      Damage    Failure   Level
a - Shock                 Conj/Air       44%        1d5       5%          1

Your spell library contained the following spells:

 Spells                   Type           Power      Damage    Failure   Level
 Momentum Strike          Conj/Tloc      22%        3d8       8%          2
 Dazzling Flash           Conj/Hex       22%        N/A       16%         3
 Gell's Gravitas          Tloc           8%         N/A       26%         3
 Teleport Other           Tloc           8%         N/A       26%         3
 Volatile Blastmotes      Fire/Tloc      16%        2d11      26%         3
 Iskenderun's Mystic Bla  Conj/Tloc      11%        2d4       45%         4
 Dispersal                Tloc           4%         N/A       100%        6
 Starburst                Conj/Fire      5%         6d4       100%        6
 Maxwell's Capacitive Co  Air            4%         ∞         100%        8


Dungeon Overview and Level Annotations

Branches:
Dungeon (5/15)
 Temple: D:4-7

Altars:

Shops:
D:3 ((=


Innate Abilities, Weirdness & Mutations

You have very sharp teeth.
Your uncanny sense of smell can sniff out nearby items.
Your experience applies equally to all skills.


Message History

A killer bee comes into view.
Casting: Shock (safe; 5% risk of failure)
Confirm with . or Enter, or press ? or * to list all spells.
Aiming: Shock (safe; 5% risk of failure)
Press: ? - help, Shift-Dir - straight line The zap hits the quokka.
The quokka is almost dead.
The zap misses the quokka.
Unknown command.
Unknown command.
Casting: Shock (safe; 5% risk of failure)
Confirm with . or Enter, or press ? or * to list all spells.
Aiming: Shock (safe; 5% risk of failure)
Press: ? - help, Shift-Dir - straight line The zap misses the quokka.
Unknown command.
You hit the quokka.
You kill the quokka!
A killer bee comes into view.
Okay, then. 2 killer bees come into view.
The killer bee buzzes angrily.
The killer bee buzzes angrily. x2
A killer bee comes into view.
The killer bee stings you.
You are poisoned.
The killer bee poisons you!
The killer bee attacks as you move away!
The killer bee barely misses you.
You feel sick.
The killer bee buzzes angrily.
The killer bee stings you!
* * * LOW HITPOINT WARNING * * *
The killer bee stings you.
* * * LOW HITPOINT WARNING * * *
The killer bee stings you.
* * * LOW HITPOINT WARNING * * *
Unknown command.
The killer bee attacks as you move away!
The killer bee stings you.
You die...

#.........#
#.#..######
#.>.......#
#..###......
#..# ......
#..# .....
#..# ##.##
#.y# +# #.@#
#.y.......
##y#####..
#.# #y# ∆
.y. ###


You could see 5 killer bees.

Vanquished Creatures
  A kobold brigand (D:4)
  A killer bee (D:5)
  Jessica (D:2)
  Natasha (D:2)
  Robin (D:4)
  2 adders (D:2)
  A worm (D:2)
  5 dart slugs
  7 orcs (D:3)
  2 bats (D:2)
  7 endoplasms
  3 giant cockroaches
  2 hobgoblins
  7 kobolds
  2 quokkas
  7 ball pythons
  7 frilled lizards
  21 goblins
  6 rats
84 creatures vanquished.

Notes
Turn   | Place    | Note
-------+----------+-------------------------------------------
     0 | D:1      | zazu2006 the Gnoll Wanderer began the quest for the Orb.
     0 | D:1      | zazu2006 set off with the following items: a +0
                  | quarterstaff, a +0 pair of gloves, a scroll of silence, a
                  | +0 robe; and the following spell memorised: Shock; and the
                  | following spells available to memorise: Momentum Strike,
                  | Iskenderun's Mystic Blast.
     0 | D:1      | Reached XP level 1. HP: 13/13 MP: 6/6
     8 | D:1      | Noticed a formicid
     9 | D:1      | Noticed a dwarf
    11 | D:1      | Noticed a minotaur skeleton
    11 | D:1      | Noticed an ogre
    13 | D:1      | Noticed a minotaur skeleton
    13 | D:1      | Noticed a naga
    15 | D:1      | Noticed a demigod
   201 | D:1      | Reached XP level 2. HP: 20/20 MP: 2/7
   728 | D:1      | You fall into a shaft and drop 1 floor!
   757 | D:2      | Reached skill level 5 in Spellcasting
   757 | D:2      | Reached XP level 3. HP: 25/25 MP: 4/9
   799 | D:2      | Noticed Jessica
   902 | D:2      | Killed Jessica
   903 | D:2      | Reached skill level 1 in Fighting
   903 | D:2      | Reached skill level 1 in Short Blades
   903 | D:2      | Reached skill level 1 in Long Blades
   903 | D:2      | Reached skill level 1 in Axes
   903 | D:2      | Reached skill level 1 in Maces & Flails
   903 | D:2      | Reached skill level 1 in Polearms
   903 | D:2      | Reached skill level 1 in Ranged Weapons
   903 | D:2      | Reached skill level 1 in Throwing
   903 | D:2      | Reached skill level 1 in Dodging
   903 | D:2      | Reached skill level 1 in Shields
   903 | D:2      | Reached skill level 1 in Unarmed Combat
   903 | D:2      | Reached skill level 1 in Invocations
   903 | D:2      | Reached skill level 1 in Evocations
  1012 | D:2      | Reached XP level 4. HP: 32/32 MP: 7/11
  1718 | D:2      | Reached skill level 1 in Hexes
  1718 | D:2      | Reached skill level 1 in Summonings
  1718 | D:2      | Reached skill level 1 in Necromancy
  1718 | D:2      | Reached skill level 1 in Translocations
  1718 | D:2      | Reached skill level 1 in Transmutations
  1718 | D:2      | Reached skill level 1 in Fire Magic
  1718 | D:2      | Reached skill level 1 in Ice Magic
  1718 | D:2      | Reached skill level 1 in Air Magic
  1718 | D:2      | Reached skill level 1 in Earth Magic
  1718 | D:2      | Reached skill level 1 in Poison Magic
  1718 | D:2      | Reached skill level 1 in Shapeshifting
  1833 | D:2      | Noticed Natasha
  1862 | D:2      | Killed Natasha
  2073 | D:1      | Reached XP level 5. HP: 37/37 MP: 9/12
  2918 | D:3      | Found Qutt's Antique Weapon Shoppe.
  2953 | D:3      | Found Jajannor's Weapon Emporium.
  3178 | D:3      | Found Giry's Jewellery Shop.
  3643 | D:4      | Noticed Robin
  3651 | D:4      | Killed Robin
  3954 | D:4      | Noticed a kobold brigand
  4277 | D:4      | Killed a kobold brigand
  4278 | D:4      | Reached XP level 6. HP: 31/44 MP: 1/13
  4704 | D:5      | Entered Level 5 of the Dungeon
  4778 | D:5      | HP: 1/44 [killer bee (4)]
  4779 | D:5      | Slain by a killer bee

Illustrated notes

Levels and vault maps discovered:
D:1:      shiori_arrival_whats_in_store_for_you, layout_basic
D:2:      layout_basic, ebering_dispersal_statue_hall, minmay_puff,
          uniq_jessica, uniq_natasha
D:3:      mumra_celtic_spiral_tile, layout_loops_ring, serial_shops, shop,
          nicolae_shop_tiny_waterfront, nicolae_square_shop,
          minmay_misc_feat_chi
D:4:      layout_basic, uniq_robin
D:5:      layout_basic, minmay_temple_entry_junction, serial_shops,
          nicolae_take_the_stairs

Skill      XL: |  1  2  3  4  5  6 |
---------------+-------------------+-----
Spellcasting   | 5 |  5.3
Fighting       | 1 2 |  2.0
Short Blades   | 1 2 |  2.0
Long Blades    | 1 2 |  2.0
Axes           | 1 2 |  2.0
Maces & Flails | 1 2 |  2.0
Polearms       | 1 2 |  2.0
Ranged Weapons | 1 2 |  2.0
Throwing       | 1 2 |  2.0
Dodging        | 1 2 |  2.0
Shields        | 1 2 |  2.0
Unarmed Combat | 1 2 |  2.0
Invocations    | 1 2 |  2.1
Evocations     | 1 2 |  2.0
Hexes          | 1 |  1.5
Summonings     | 1 |  1.5
Necromancy     | 1 |  1.5
Translocations | 1 |  1.5
Transmutations | 1 |  1.5
Fire Magic     | 1 |  1.5
Ice Magic      | 1 |  1.5
Air Magic      | 1 |  1.5
Earth Magic    | 1 |  1.5
Poison Magic   | 1 |  1.5
Shapeshifting  | 1 |  1.5
Armour         | 3 |  3.2
Conjurations   | 4 |  4.1
Staves         | |  6.8
Stealth        | |  4.6

Action                     |  1- 3 |  4- 6 || total
---------------------------+-------+-------++-------
  Melee: Quarterstaff      |    10 |    24 ||    34
         Bite              |       |     1 ||     1
   Cast: Shock             |    54 |   127 ||   181
   Stab: Sleeping          |     1 |     1 ||     2
 Armour: Robe              |     2 |    20 ||    22
  Dodge: Dodged            |     9 |    32 ||    41

Table legend: (Time is in decaauts)
 A = Elapsed time spent in this place.
 B = Non-inter-level travel time spent in this place.
 C = Inter-level travel time spent in this place.
 D = Time resting spent in this place.
 E = Time spent auto-exploring this place.
 F = Levels seen in this place.
 G = Mean time per level.
                   A        B        C        D        E       F      G
               +--------+--------+--------+--------+--------+-----+--------+
         Total |   4778 |   4611 |    167 |     52 |   3899 |   5 |  955.6 |
       Dungeon |   4778 |   4611 |    167 |     52 |   3899 |   5 |  955.6 |
               +--------+--------+--------+--------+--------+-----+--------+

Top non-repeatable levels by time:
     D:2: 1358 daAuts
     D:4: 1237 daAuts
     D:3: 1169 daAuts
     D:1: 938 daAuts
     D:5: 74 daAuts
